 Dungeon Crawl Stone Soup version 0.24.0-125-gc4c63601f3 (webtiles) character file.

Game seed: 6495319132511811153, levelgen mode: deterministic

657427 Johnny the Brawler (level 27, 0/238 HPs)
             Began as a Troll Berserker on Mar 8, 2020.
             Was an Elder of Cheibriados.
             Slain by a monstrous corrupter (15 damage)
             ... while paralysed by a sphinx
             ... on level 12 of a ziggurat on Mar 9, 2020.
             The game lasted 02:01:30 (55519 turns).

Johnny the Brawler (Troll Berserker)               Turns: 55519, Time: 02:01:31

Health: 0/238      AC: 34    Str: 52 (53) XL:     27
Magic:  24/32      EV:  1    Int: 11 (12) God:    Cheibriados [****..]
Gold:   3555       SH:  0    Dex: 23      Spells: 33/47 levels left

rFire    + + .     SeeInvis +     - Unarmed
rCold    + . .     Gourm    +   (shield currently unavailable)
rNeg     . . .     Faith    +   l - +11 shadow dragon scales of Existentialism {*Drain Str+4 Slay+3 Stlth++++}
rPois    .         Spirit   .   L - +2 hat {SInv}
rElec    +         Reflect  .   Q - scarf {rC+ rF+}
rCorr    .         Harm     .   (gloves unavailable)
MR       ++...                  (boots unavailable)
Stlth    ++++++++..             J - amulet of faith
HPRegen  0.89/turn              A - ring of Donn {rElec rF+}
MPRegen  0.23/turn              s - ring of Phasing {EV+8}

@: paralysed, agile, blade hands, very slightly contaminated, drained,
invisible, very slow
A: large, unfitting armour, claws 3, hooves 1, thin metallic scales 1,
camouflage 1, [blurry vision 2], deterioration 1, fast metabolism 3, frail 1,
gourmand, low mp 1, regeneration 1, [screaming 2], shaggy fur 1, tough skin 3,
weak 1, subdued magic 1, MP-powered wands
}: 4/15 runes: barnacled, silver, abyssal, gossamer
a: End Transformation, Bend Time, Temporal Distortion, Slouch, Renounce Religion


You were on level 12 of a ziggurat.
You worshipped Cheibriados.
Cheibriados was greatly pleased with you.
You were completely stuffed.
You had blades for hands.
You visited 9 branches of the dungeon, and saw 45 of its levels.
You visited the Abyss 4 times.
You visited 1 ziggurat, and saw 12 of its levels.
You also visited: Gauntlet, Ice Cave and Wizlab.

You collected 8787 gold pieces.
You spent 5232 gold pieces at shops.

Inventory:

Missiles
 y - 120 large rocks (quivered)
Armour
 l - the +11 shadow dragon scales of Existentialism (worn) {*Drain Str+4 Slay+3 Stlth++++}
   (You acquired it in a wizard's laboratory)

   It affects your strength (+4).
   It affects your accuracy and damage with ranged weapons and melee attacks
   (+3).
   It causes draining when unequipped.
   It makes you much more stealthy.
 w - a scarf of repulsion
 G - a +5 shield of positive energy (melded)
 L - a +2 hat of see invisible (worn)
 P - +3 storm dragon scales
 Q - a scarf of resistance (worn)
 X - +12 gold dragon scales
Jewellery
 f - a +5 ring of protection
 n - an uncursed ring of resist corrosion
 p - the ring of Wits {rF+ rN+ Int+4}
   (You found it on level 2 of the Depths)

   [ring of positive energy]

   It affects your intelligence (+4).
   It protects you from fire.
   It protects you from negative energy.
 r - the amulet "Fiepam" {RegenMP rPois rN+ Dex+3}
   (You found it in a wizard's laboratory)

   [amulet of magic regeneration]

   It increases your magic regeneration.
   It affects your dexterity (+3).
   It protects you from poison.
   It protects you from negative energy.
 s - the ring of Phasing (right scythe-like blade) {EV+8}
   (You found it on level 4 of the Shoals)

   [ring of evasion]

   It affects your evasion (+8).
 A - the ring of Donn (left scythe-like blade) {rElec rF+}
   (You found it on level 11 of a ziggurat)

   [ring of protection from fire]

   It protects you from fire.
   It insulates you from electricity.
 J - an amulet of faith (around neck)
 M - the ring "Caas" {Wiz rN+ Dex+4}
   (You found it on level 3 of a ziggurat)

   [ring of wizardry]

   It improves your spell success rate.
   It affects your dexterity (+4).
   It protects you from negative energy.
 T - the amulet of Vitality {Regen+ HP+15}
   (You found it on level 11 of a ziggurat)

   [amulet of regeneration]

   It affects your health (+15).
   It increases your rate of regeneration.
 V - an uncursed amulet of the acrobat
Wands
 D - a wand of digging (26)
Scrolls
 c - 9 scrolls of fog
 e - 38 scrolls of remove curse
 i - a scroll of torment
 m - 21 scrolls of teleportation
 o - 4 scrolls of identify
 q - a scroll of summoning
 t - 8 scrolls of magic mapping
 u - 2 scrolls of enchant armour
 x - 9 scrolls of immolation
 F - 5 scrolls of silence
 H - 3 scrolls of fear
 Z - 3 scrolls of vulnerability
Potions
 a - a potion of invisibility
 g - 13 potions of curing
 j - 13 potions of haste
 k - 8 potions of flight
 z - 10 potions of ambrosia
 B - 6 potions of brilliance
 E - 5 potions of lignification
 K - 6 potions of mutation
 O - 8 potions of might
 U - 4 potions of berserk rage
 W - 2 potions of magic
 Y - a potion of cancellation
Miscellaneous
 v - a phial of floods
 C - 2 boxes of beasts
 I - a lightning rod (4/4)
 N - a lamp of fire
 S - 5 phantom mirrors
Comestibles
 b - 105 rations


   Skills:
 - Level 14.0(12.7) Fighting
 - Level 13.7(12.5) Armour
 - Level 14.0(12.7) Dodging
 + Level 10.6(9.4) Stealth
 - Level 14.2(12.9) Shields
 * Level 19.3(17.8) Unarmed Combat
 - Level 10.5(9.3) Spellcasting
 - Level 5.4(4.3) Charms
 - Level 15.8(14.4) Translocations
 - Level 11.8(10.5) Transmutations
 - Level 12.3(11.0) Invocations


You had 33 spell levels left.
You knew the following spells:

 Your Spells              Type           Power        Failure   Level  Hunger
a - Blink                 Tloc           N/A          6%          2    None
b - Blade Hands           Tmut           ###.......   43%         5    #####..
c - Song of Slaying       Chrm           ##......     36%         2    None
d - Regeneration          Chrm/Necr      #.........   73%         3    ##.....
e - Shroud of Golubria    Chrm/Tloc      ###...       12%         2    None

Your spell library contained the following spells:

 Spells                   Type           Power        Failure   Level  Hunger
 Apportation              Tloc           ####..       5%          1    None
 Gell's Gravitas          Tloc           ####......   7%          3    ##.....
 Lesser Beckoning         Tloc           ####......   7%          3    ##.....
 Teleport Other           Tloc           ####....     7%          3    ##.....
 Beastly Appendage        Tmut           ###...       9%          1    None
 Sticks to Snakes         Tmut           ###.....     10%         2    None
 Passage of Golubria      Tloc           N/A          12%         4    ####...
 Passwall                 Tmut/Erth      ##......     28%         2    None
 Recall                   Summ/Tloc      N/A          28%         3    ##.....
 Spider Form              Tmut/Pois      ##........   41%         3    ##.....
 Ignite Poison            Fire/Tmut/Pois #.......     58%         3    ##.....
 Animate Skeleton         Necr           N/A          69%         1    None
 Confusing Touch          Hex            #.....       69%         1    None
 Flame Tongue             Conj/Fire      #....        69%         1    None
 Freeze                   Ice            #...         69%         1    None
 Magic Dart               Conj           #...         69%         1    None
 Pain                     Necr           #...         69%         1    None
 Shock                    Conj/Air       #...         69%         1    None
 Summon Butterflies       Summ           #.......     69%         1    None
 Summon Small Mammal      Summ           #...         69%         1    None
 Ice Form                 Ice/Tmut       ##......     71%         4    ####...
 Petrify                  Tmut/Erth      ##......     71%         4    ####...
 Ozocubu's Armour         Chrm/Ice       #.......     73%         3    ##.....
 Summon Forest            Summ/Tloc      ###.......   77%         5    #####..
 Call Imp                 Summ           #.......     78%         2    None
 Ensorcelled Hibernation  Hex/Ice        #.....       78%         2    None
 Poisonous Vapours        Pois/Air       #.....       78%         2    None
 Slow                     Hex            #.......     78%         2    None
 Throw Frost              Conj/Ice       #.....       78%         2    None
 Hydra Form               Tmut           ###.......   86%         6    #######
 Call Canine Familiar     Summ           #.......     92%         3    ##.....
 Confuse                  Hex            #.......     92%         3    ##.....
 Conjure Flame            Conj/Fire      #.......     92%         3    ##.....
 Mephitic Cloud           Conj/Pois/Air  #.......     92%         3    ##.....
 Static Discharge         Conj/Air       #.......     92%         3    ##.....
 Summon Guardian Golem    Hex/Summ       #.......     92%         3    ##.....
 Tukima's Dance           Hex            #.......     92%         3    ##.....
 Vampiric Draining        Necr           #.........   92%         3    ##.....
 Alistair's Intoxication  Tmut/Pois      ##......     93%         5    #####..
 Irradiate                Conj/Tmut      ##........   93%         5    #####..
 Yara's Violent Unravell  Hex/Tmut       ##........   93%         5    #####..
 Animate Dead             Necr           N/A          99%         4    ####...
 Leda's Liquefaction      Hex/Erth       #.........   99%         4    ####...
 Summon Ice Beast         Ice/Summ       #.......     99%         4    ####...
 Summon Lightning Spire   Summ/Air       #.......     99%         4    ####...
 Throw Icicle             Conj/Ice       #.......     99%         4    ####...
 Agony                    Necr           #.......     100%        5    #####..
 Bolt of Magma            Conj/Fire/Erth #.........   100%        5    #####..
 Borgnjor's Vile Clutch   Necr/Erth      #.........   100%        5    #####..
 Excruciating Wounds      Chrm/Necr      #.........   100%        5    #####..
 Fireball                 Conj/Fire      #.........   100%        5    #####..
 Iskenderun's Battlesphe  Conj/Chrm      #.......     100%        5    #####..
 Lightning Bolt           Conj/Air       #.........   100%        5    #####..
 Metabolic Englaciation   Hex/Ice        #.........   100%        5    #####..
 Silence                  Hex/Air        #.........   100%        5    #####..
 Summon Demon             Summ           #.........   100%        5    #####..
 Summon Mana Viper        Hex/Summ       #.......     100%        5    #####..
 Venom Bolt               Conj/Pois      #.........   100%        5    #####..
 Bolt of Cold             Conj/Ice       #.........   100%        6    #######
 Bolt of Fire             Conj/Fire      #.........   100%        6    #######
 Conjure Ball Lightning   Conj/Air       #.........   100%        6    #######
 Darkness                 Hex            #.........   100%        6    #######
 Death Channel            Necr           #.........   100%        6    #######
 Deflect Missiles         Chrm/Air       #.........   100%        6    #######
 Freezing Cloud           Conj/Ice/Air   #.........   100%        6    #######
 Invisibility             Hex            #.......     100%        6    #######
 Iron Shot                Conj/Erth      #.........   100%        6    #######
 Ozocubu's Refrigeration  Ice            #.........   100%        6    #######
 Shadow Creatures         Summ           N/A          100%        6    #######
 Simulacrum               Ice/Necr       #.........   100%        6    #######
 Statue Form              Tmut/Erth      ##.......    100%        6    #######
 Dragon Form              Tmut           ###.......   100%        7    #######
 Malign Gateway           Summ/Tloc      ###.......   100%        7    #######
 Orb of Destruction       Conj           #.........   100%        7    #######
 Ring of Flames           Chrm/Fire      #.........   100%        7    #######
 Spellforged Servitor     Conj/Summ      #.........   100%        7    #######
 Ignition                 Fire           #.........   100%        8    #######
 Dragon's Call            Summ           #.........   100%        9    #######
 Shatter                  Erth           #.........   100%        9    #######
 Tornado                  Air            #.........   100%        9    #######


Dungeon Overview and Level Annotations

Branches:
Dungeon (15/15)            Temple (1/1) D:6            Lair (6/6) D:11
 Shoals (4/4) Lair:3       Spider (4/4) Lair:4        Slime (0/5) Lair:5
    Orc (2/2) D:9             Elf (3/3) Orc:2        Vaults (5/5) D:13
  Crypt (0/3) Vaults:2     Depths (5/5) D:15            Zot (0/5) Depths:5
  IceCv (visited)          WizLab (visited)         Gauntlet (visited)

Altars:
Ashenzari
Cheibriados
Dithmenos
Elyvilon
Fedhas
Gozag
Hepliaklqana
Kikubaaqudgha
Makhleb
Nemelex Xobeh
Okawaru
Qazlal
Ru
Sif Muna
Trog
Uskayaw
Vehumet
Wu Jian
Xom
Yredelemnul
Zin
The Shining One
Jiyva

Shops:
D:4 *   D:6 *   Orc:2 (*?[   Elf:2 :   Vaults:3 (   Vaults:4 :(*:   Depths:3 (

Portals:
Hell: Depths:1 Depths:2 Depths:3 Depths:4 Depths:5
Abyss: Depths:1 Depths:2 Depths:4
Pandemonium: Depths:3 Depths:4
Trove: Depths:5 (give +3 storm dragon scales)

Annotations:
Lair:5 1 runed translucent door


Innate Abilities, Weirdness & Mutations

You are too large for most types of armour.
You have claws for hands.
Your metabolism is lightning-fast.
You like to eat raw meat.
Your natural rate of healing is unusually fast.
You are covered in fur. (AC +1)
You have extremely tough skin. (AC +3)
You have large cloven feet.
You are partially covered in thin metallic scales. (AC +2)
Your skin changes colour to match your surroundings (Stealth+).
Your body sometimes deteriorates upon taking damage.
You are frail. (-10% HP)
Your magical capacity is low. (-10% MP)
You are weak. (Str -2)
Your spells are a little easier to cast, but a little less powerful.
You expend magic power (3 MP) to strengthen your wands.
[Scrolls take you longer to read.]
[You sometimes yell uncontrollably at your foes.]


Message History

The ancient champion hits you with a +3 battleaxe of chopping.
The orc warrior hits you with a +0 scimitar!
The juggernaut hits you!!!
* * * LOW HITPOINT WARNING * * *
Your body deteriorates!
You feel dopey.
The juggernaut hits you but does no damage.
The orc warrior hits you with a +0 battleaxe!
* * * LOW HITPOINT WARNING * * *
The sphinx hits you but does no damage. x3
The orc priest suddenly cheers, in orcish tradition.
The warg stops to sniff the ground.
The orc warrior hits you with a +0 scimitar.
* * * LOW HITPOINT WARNING * * *
The orc warlord no longer looks unusually strong.
The orc warrior no longer looks unusually strong. x3
The orc sorcerer no longer looks unusually strong.
The ancient champion disappears in a puff of smoke!
The sphinx disappears in a puff of smoke!
The monstrous corrupter hits you!
You die...

###o......§.###..▓▓
..o...o...........▓
..o.o.oy.(........▓
..C..ooo.o........▓
"OTo.TooOoo.......▓▓
oO..COoooO.h....∩..▓
?.o..CoOohooo.....▓▓
C.....o4.oC§6.....▓
.......yohC@§.....▓
O........Coo......▓
###......o..###..▓▓
#2#.........#p#.▓▓
........###▓▓
..........▓▓
........▓▓▓
▓▓▓.▓▓▓▓▓


You could see 2 juggernauts, 2 orc warlords, an iron troll, a ghost moth
(wandering), a monstrous corrupter, an orc knight, an ettin, an orange demon
(wandering), a moth of wrath, 2 cyclopes, an ironbrand convoker, 3 wargs, 3 orc
sorcerers, 12 orc warriors, 4 ogres, 2 orc priests, an orc wizard and 4 orcs.

Vanquished Creatures
  An ancient lich (Depths:2)
  Mara (Spider:4)
  Mennas (Depths:3)
  A juggernaut (Depths:4)
  3 greater mummies (Zig:11)
  Sojobo (Vaults:4)
  The ghost of Ydikaet the Shatterer, a veteran TrMo of Jiyva (Depths:1)
  A Killer Klown (Zig:1)
  Bai Suzhen (Spider:4)
  3 caustic shrikes
  2 golden dragons
  3 bone dragons
  A Hellbinder (WizLab)
  6 tentacled monstrosities
  Asterion (Spider:4)
  9 titans
  3 deep elf master archers (Elf:3)
  6 liches
  5 acid blobs
  3 deep elf blademasters
  14 tentacled starspawn
  5 krakens
  4 Executioners
  4 sphinxes
  8 tengu reavers
  3 storm dragons
  A thorn hunter (Depths:3)
  6 shadow dragons
  A daeva (Abyss:4)
  5 fire giants
  20 vault wardens
  9 frost giants
  10 deep elf sorcerers
  Louise (Shoals:3)
  8 emperor scorpions
  A draconian scorcher (Depths:5)
  Aizul (Shoals:2)
  The ghost of Cuth the Cleaver, a journeyman DDFi of Makhleb (Spider:3)
  6 ghost moths
  2 balrugs
  A ghoul (Vaults:5)
  A draconian knight (Depths:5)
  The ghost of Tartanist the Ogre Mage, a journeyman OgFE of Hepliaklqana (Orc:1)
  A reaper (Gauntlet)
  3 iron dragons
  A deep elf elementalist (Elf:3)
  10 ironheart preservers
  A cacodemon (WizLab)
  3 war gargoyles
  2 spriggan defenders (Depths:4)
  10 entropy weavers
  A curse skull (Vaults:2)
  20 very ugly things
  A juggernaut skeleton (Zig:11)
  A green draconian (Depths:5)
  28 stone giants
  A purple draconian (Depths:5)
  8 deep elf demonologists
  A black sun (WizLab)
  3 lorocyprocas (WizLab)
  2 vampire knights (Depths:4)
  A red draconian (Depths:5)
  3 yellow draconians (Depths:5)
  A black draconian (Depths:5)
  A white draconian (Depths:5)
  A dire elephant (Zig:10)
  A minotaur (Gauntlet)
  11 deep elf annihilators
  Azrael (Orc:2)
  19 spark wasps
  6 deep elf death magi
  2 blizzard demons
  5 ettins
  5 merfolk javelineers
  10 merfolk impalers
  2 green deaths (WizLab)
  2 death oozes (Zig:5)
  A quicksilver dragon zombie (Abyss:4)
  18 yaktaur captains
  2 mummy priests (Zig:11)
  4 crystal guardians
  14 fire dragons
  15 ogre magi
  8 deep elf high priests
  Fannar (D:10)
  4 great orbs of eyes (shapeshifter)
  9 great orbs of eyes
  7 hydras
  8 rakshasas
  12 ice dragons
  A hell beast (WizLab)
  40 vault guards
  A catoblepas (Zig:10)
  4 spriggan air magi
  2 alligator snapping turtles
  2 merfolk avatars (Shoals:3)
  7 merfolk aquamancers
  34 dancing weapons
  4 death knights
  2 alligators (Zig:7)
  42 two-headed ogres
  A queen ant (Spider:3)
  2 satyrs (Shoals:4)
  3 death scarabs (Zig:11)
  10 tengu warriors
  8 centaur warriors
  4 hell hogs
  7 deep troll shamans
  8 spriggan berserkers
  Urug (Lair:2)
  11 deep troll earth magi
  An orc high priest (Zig:12)
  Sonja (Lair:4)
  22 thrashing horrors
  A soul eater (WizLab)
  7 sun demons
  A titan skeleton (Abyss:4)
  4 shadow wraiths
  4 hell knights
  2 iron trolls
  20 deep elf knights
  5 skeletal warriors
  An unseen horror (shapeshifter) (Depths:2)
  13 wretched stars
  A fire crab (shapeshifter) (Vaults:3)
  3 sixfirhies
  2 deep trolls (shapeshifter)
  3 unseen horrors
  21 deep trolls
  A spriggan druid (Zig:10)
  10 wizards
  5 glowing orange brains
  2 spatial maelstroms
  A shadow demon (Zig:4)
  2 obsidian statues
  19 sea snakes
  2 swamp dragons
  3 flayed ghosts
  8 phantasmal warriors
  14 deep elf archers
  An orange crystal statue (Zig:6)
  2 necromancers
  18 harpies
  3 oklob plants
  19 ironbrand convokers
  2 lindwurms (D:13)
  13 orc knights
  28 wolf spiders
  61 deep elf magi
  6 orc sorcerers
  14 ugly things
  17 manticores
  A shining eye (Zig:6)
  2 salamanders (shapeshifter)
  18 cyclopes
  12 fauns
  19 orb spiders
  A cyclops (shapeshifter) (Vaults:5)
  An iron dragon skeleton (Abyss:4)
  A moth of wrath (Spider:4)
  A frost giant skeleton (Vaults:4)
  An eye of devastation (Abyss:4)
  2 guardian serpents (shapeshifter) (Abyss:3)
  4 ice statues
  A fire giant skeleton (Abyss:4)
  4 rust devils
  Joseph (D:9)
  3 elephants (Lair:2)
  5 gargoyles
  15 vault sentinels
  2 naga magi (D:15)
  Maurice (Orc:2)
  2 apocalypse crabs
  10 black mambas
  10 merfolk sirens
  5 orange demons
  4 torpor snails
  4 water nymphs
  A yaktaur (shapeshifter) (Vaults:4)
  8 smoke demons
  7 rime drakes
  17 spiny frogs
  2 komodo dragons (shapeshifter)
  9 komodo dragons
  A rime drake (shapeshifter) (Spider:4)
  11 demonic crawlers
  4 efreet
  2 ice devils (WizLab)
  3 hellwings
  66 yaktaurs
  2 ancient zymes
  15 freezing wraiths
  2 harpy zombies (Shoals:2)
  21 jumping spiders
  8 guardian mummies (Zig:11)
  6 trolls
  2 queen bees (shapeshifter)
  A troll (shapeshifter) (D:15)
  A jumping spider (shapeshifter) (Vaults:1)
  A red devil (Depths:3)
  22 hornets
  A merfolk (shapeshifter) (Depths:4)
  A queen bee (Spider:2)
  41 merfolk
  3 meliai (Spider:2)
  2 polar bears (shapeshifter)
  A hornet (shapeshifter) (Vaults:5)
  16 polar bears
  A wolf spider simulacrum (D:15)
  A shadow dragon simulacrum (Vaults:4)
  14 hippogriffs
  2 raiju (shapeshifter)
  16 raiju
  34 slime creatures
  15 snapping turtles
  12 dream sheep
  A blink frog (shapeshifter) (Depths:5)
  A meliai zombie (D:11)
  11 wind drakes
  An ettin zombie (Vaults:4)
  A snapping turtle (shapeshifter) (Depths:4)
  2 human simulacra (Vaults:4)
  2 spriggans (shapeshifter)
  3 flying skulls (Zig:11)
  A stone giant simulacrum (Vaults:2)
  Sigmund (D:3)
  7 air elementals
  31 tarantellas
  19 water elementals
  6 spriggans
  8 wraiths
  2 shadows
  23 starcursed masses (Abyss:4)
  An ushabti (Zig:11)
  101 redbacks
  16 small abominations
  A hog (shapeshifter) (Vaults:4)
  23 large abominations
  30 yaks
  15 wyverns
  4 ynoxinuls (Abyss:4)
  8 basilisks
  A basilisk (shapeshifter) (Vaults:5)
  3 hungry ghosts
  11 fire elementals
  5 chaos spawn
  7 neqoxecs
  12 golden eyes
  A vampire mosquito (Zig:7)
  Menkaure (D:6)
  2 soldier ants (Spider:3)
  5 acid dragons
  A spatial vortex (Abyss:3)
  8 wargs
  3 insubstantial wisps (Abyss:4)
  A floating eye (Depths:4)
  18 water moccasins
  4 porcupines
  A floating eye (shapeshifter) (Vaults:5)
  2 hell hounds (Orc:2)
  A phantom (D:8)
  17 ice beasts
  49 orc warriors
  A sky beast (D:5)
  4 swamp drakes
  19 black bears
  14 centaurs
  4 eyes of draining
  2 necrophages
  8 boggarts
  34 ogres
  5 wolves
  14 crocodiles
  An elf skeleton (Vaults:4)
  6 big kobolds
  2 big kobolds (shapeshifter)
  2 hippogriff zombies (Shoals:2)
  Blork the orc (D:6)
  21 bullfrogs
  A glowing shapeshifter simulacrum (Vaults:4)
  2 water moccasin zombies
  An elf zombie (D:9)
  An ogre simulacrum (Vaults:1)
  3 earth elementals
  2 scorpions
  A hornet simulacrum (Gauntlet)
  8 jellies
  An elf simulacrum (Vaults:4)
  36 killer bees
  24 wights
  5 electric eels
  6 howler monkeys
  A troll skeleton (D:9)
  20 crimson imps
  2 quasits
  7 centaur skeletons
  A wyvern simulacrum (Gauntlet)
  4 human zombies (D:9)
  5 centaur zombies
  3 bullfrog skeletons
  7 orc priests
  9 hounds
  3 iron imps (Depths:3)
  22 orc wizards
  2 human skeletons
  10 iguanas
  17 worker ants
  A bullfrog simulacrum (Gauntlet)
  2 centaur simulacra
  A hound zombie (D:8)
  A hound skeleton (D:6)
  9 mummies
  A worker ant zombie (D:9)
  Robin (D:2)
  3 gnolls (D:6)
  A howler monkey skeleton (D:5)
  25 adders
  2 shadow imps (Depths:3)
  17 white imps
  3 ufetubi
  5 oozes (D:8)
  An adder skeleton (D:4)
  4 worms
  4 dart slugs
  3 leopard geckos
  90 orcs
  A ball python (D:1)
  A bat zombie (Shoals:2)
  5 giant cockroaches
  18 goblins
  8 hobgoblins
  13 jackals
  8 quokkas
  A quokka (shapeshifter) (Vaults:5)
  A ball python (shapeshifter) (Depths:2)
  9 bats
  10 frilled lizards
  A jackal skeleton (D:4)
  27 kobolds
  A leopard gecko zombie (D:5)
  4 rats
  2 plants
  9 starspawn tentacles
  15 tentacles
2618 creatures vanquished.

Vanquished Creatures (collateral kills)
  A bone dragon (Abyss:3)
  Agnes (Elf:1)
  A deep elf elementalist (Vaults:5)
  A deep elf annihilator (Elf:3)
  A deep elf death mage (Elf:3)
  A yaktaur captain (Vaults:5)
  A two-headed ogre (Vaults:5)
  4 dancing weapons
  2 thrashing horrors (Abyss:3)
  2 deep elf knights
  2 skeletal warriors (D:12)
  A spatial maelstrom (Abyss:3)
  A deep troll (Vaults:5)
  6 unseen horrors (Abyss:3)
  An ironbrand convoker (Vaults:5)
  2 orc knights
  A large abomination (Abyss:3)
  7 deep elf magi
  An ugly thing (D:13)
  3 elephants (Lair:6)
  2 black mambas (Lair:6)
  2 guardian serpents
  A komodo dragon (Lair:6)
  2 trolls
  A hornet (Lair:6)
  2 polar bears
  A merfolk (Lair:3)
  4 dream sheep (Lair:6)
  A hippogriff (D:13)
  3 wyverns (Lair:6)
  A wraith (Abyss:3)
  2 yaks
  2 water moccasins (Lair:6)
  A warg (Orc:2)
  A soldier ant (shapeshifter) (Vaults:5)
  5 orc warriors (D:12)
  An ice beast (D:11)
  A sky beast (D:8)
  8 starcursed masses (Abyss:3)
  A phantom (D:12)
  An eye of draining (D:8)
  2 wolves
  A centaur (Orc:2)
  2 crocodiles (Lair:4)
  4 killer bees (D:11)
  2 orc priests
  A worker ant (D:8)
  A shadow imp (D:11)
  12 orcs
108 creatures vanquished.

Vanquished Creatures (others)
  A titan (Vaults:5)
  A shadow dragon (Vaults:5)
  4 vault wardens (Vaults:5)
  An ironheart preserver (Vaults:5)
  2 deep elf annihilators (Vaults:5)
  A yaktaur captain (Vaults:5)
  A hell hog (Abyss:4)
  A sea snake (Shoals:1)
  A deep elf archer (Vaults:5)
  2 deep elf magi
  A yaktaur (Vaults:5)
  A hornet (Vaults:5)
  2 redbacks
  2 orc warriors
  2 centaurs (Orc:2)
  3 ogres (Vaults:5)
  An orc wizard (Orc:2)
  A shadow imp (D:14)
  A white imp (Vaults:4)
  An orc (Vaults:1)
  20 fungi
  3 lurking horrors
  55 plants
  26 starspawn tentacles
  21 tentacles
155 creatures vanquished.

Grand Total: 2881 creatures vanquished

Notes
Turn   | Place    | Note
-------+----------+-------------------------------------------
     0 | D:1      | Johnny the Troll Berserker began the quest for the Orb.
     0 | D:1      | Reached XP level 1. HP: 22/22 MP: 0/0
   235 | D:1      | Reached XP level 2. HP: 29/29 MP: 1/1
   940 | D:2      | Reached skill level 1 in Armour
   948 | D:2      | Reached XP level 3. HP: 36/36 MP: 2/2
  1038 | D:2      | Reached ** piety under Trog
  1075 | D:2      | Reached XP level 4. HP: 44/44 MP: 3/3
  1184 | D:2      | Found a shimmering altar of Xom.
  1232 | D:2      | Noticed Robin
  1264 | D:2      | Killed Robin
  1281 | D:2      | Reached XP level 5. HP: 38/53 MP: 4/4
  2120 | D:3      | Reached skill level 4 in Unarmed Combat
  2369 | D:3      | Reached *** piety under Trog
  2530 | D:3      | Noticed Sigmund
  2550 | D:3      | Killed Sigmund
  2550 | D:3      | Reached XP level 6. HP: 61/61 MP: 5/5
  2973 | D:4      | Reached XP level 7. HP: 64/68 MP: 6/6
  3014 | D:4      | Found a bloodstained altar of Trog.
  3084 | D:4      | Found Uceu's Serpentskin Sales.
  3104 | D:4      | Reached skill level 5 in Unarmed Combat
  3263 | D:5      | Entered Level 5 of the Dungeon
  3803 | D:5      | Reached XP level 8. HP: 79/79 MP: 7/7
  4185 | D:6      | Noticed Menkaure
  4196 | D:6      | Killed Menkaure
  4252 | D:6      | Reached skill level 6 in Unarmed Combat
  4255 | D:6      | Found a staircase to the Ecumenical Temple.
  4278 | D:6      | Reached skill level 5 in Dodging
  4281 | Temple   | Entered the Ecumenical Temple
  4590 | D:6      | Reached skill level 5 in Fighting
  4664 | D:6      | Noticed Blork the orc
  4672 | D:6      | Killed Blork the orc
  4738 | D:6      | Reached **** piety under Trog
  4877 | D:6      | Found Dauf's Assorted Antiques.
  5318 | D:7      | Reached XP level 9. HP: 84/87 MP: 8/8
  5591 | D:7      | Found a glowing silver altar of Zin.
  5594 | D:7      | Found a white marble altar of Elyvilon.
  5595 | D:7      | Found a glowing golden altar of the Shining One.
  5755 | D:8      | Reached skill level 5 in Armour
  5775 | D:8      | Reached skill level 7 in Unarmed Combat
  5858 | D:8      | Noticed a two-headed ogre
  5865 | D:8      | Killed a two-headed ogre
  6143 | D:8      | Reached ***** piety under Trog
  6159 | D:8      | Reached XP level 10. HP: 100/100 MP: 9/9
  6311 | D:8      | Reached skill level 8 in Unarmed Combat
  6443 | D:8      | Found a hide-covered altar of Uskayaw.
  6444 | D:8      | Found an iron altar of Okawaru.
  6746 | D:9      | Noticed a two-headed ogre
  6758 | D:9      | Killed a two-headed ogre
  6784 | D:9      | Noticed a guardian serpent
  6793 | D:8      | Killed a guardian serpent
  7093 | D:9      | Found a basalt altar of Yredelemnul.
  7181 | D:9      | Noticed Joseph
  7189 | D:9      | Killed Joseph
  7287 | D:9      | Reached skill level 9 in Unarmed Combat
  7329 | D:9      | Found a staircase to the Orcish Mines.
  7577 | D:10     | Entered Level 10 of the Dungeon
  7674 | D:10     | Found an opulent altar of Gozag.
  7769 | D:10     | You fall into a shaft and drop 2 floors!
  7792 | D:12     | Noticed a cyan ugly thing
  7795 | D:12     | Reached XP level 11. HP: 106/109 MP: 10/10
  7801 | D:12     | Killed a cyan ugly thing
  7826 | D:12     | Received a gift from Trog
  7833 | D:12     | Noticed an orc knight
  7838 | D:12     | Killed an orc knight
  7905 | D:12     | Noticed a skeletal warrior
  7906 | D:12     | Noticed a skeletal warrior
  7911 | D:12     | Killed a skeletal warrior
  7914 | D:12     | Killed a skeletal warrior
  8012 | D:11     | Found a gate leading to a gauntlet.
  8021 | Gauntlet | Entered a Gauntlet
  8021 | Gauntlet | Found a transporter.
  8029 | Gauntlet | Found a transporter.
  8031 | Gauntlet | Found a transporter.
  8037 | Gauntlet | Noticed a necromancer
  8040 | Gauntlet | Found a transporter.
  8042 | Gauntlet | Found a transporter.
  8045 | Gauntlet | Noticed a white ugly thing
  8045 | Gauntlet | Noticed a white ugly thing
  8047 | Gauntlet | Noticed a great orb of eyes
  8050 | Gauntlet | Found a transporter.
  8066 | Gauntlet | Found a transporter.
  8076 | Gauntlet | Found a transporter.
  8083 | Gauntlet | Noticed a blizzard demon
  8086 | Gauntlet | Found a transporter.
  8101 | Gauntlet | Found a transporter.
  8116 | Gauntlet | Found a transporter.
  8162 | Gauntlet | Noticed a reaper
  8164 | Gauntlet | Found a transporter.
  8178 | Gauntlet | Found a transporter.
  8188 | Gauntlet | Found a transporter.
  8486 | Gauntlet | Killed a reaper
  8559 | Gauntlet | Identified the cursed +0 war axe "Magirph" {venom, Dex+4}
  8559 | Gauntlet | Noticed a minotaur
  8569 | Gauntlet | Killed a minotaur
  8569 | Gauntlet | Reached skill level 10 in Unarmed Combat
  8759 | D:11     | Noticed a seven-headed hydra
  8769 | D:11     | Killed a 13-headed hydra
  8916 | D:11     | Found a staircase to the Lair.
  8978 | D:11     | Reached XP level 12. HP: 66/122 MP: 8/11
  9598 | D:10     | Received a gift from Trog
  9630 | D:10     | Noticed Fannar
  9640 | D:10     | Killed Fannar
  9757 | Orc:1    | Entered Level 1 of the Orcish Mines
  9918 | Orc:1    | Found a runed translucent door.
  9924 | Orc:1    | Noticed Tartanist's ghost (journeyman OgFE)
  9947 | Orc:1    | Killed Tartanist's ghost
 10116 | Orc:2    | Entered Level 2 of the Orcish Mines
 10165 | Orc:2    | Noticed Maurice
 10179 | Orc:2    | Killed Maurice
 10200 | Orc:2    | Received a gift from Trog
 10489 | Orc:2    | Reached skill level 11 in Unarmed Combat
 10508 | Orc:2    | Noticed Azrael
 10537 | Orc:2    | Killed Azrael
 10775 | Orc:2    | Received a gift from Trog
 10986 | Orc:2    | Found a staircase to the Elven Halls.
 11230 | Orc:2    | Found Haschung's Magic Scroll Shoppe.
 11230 | Orc:2    | Found Luywkael's General Store.
 11232 | Orc:2    | Found Hymylaef's Antique Weapon Boutique.
 11234 | Orc:2    | Found Wifuhon's Antique Armour Emporium.
 11238 | Orc:2    | Bought a scroll of fear for 52 gold pieces
 11238 | Orc:2    | Bought a scroll of identify for 30 gold pieces
 11238 | Orc:2    | Bought a scroll of fear for 52 gold pieces
 11238 | Orc:2    | Bought a scroll of identify for 30 gold pieces
 11238 | Orc:2    | Bought a scroll of random uselessness for 15 gold pieces
 11238 | Orc:2    | Bought a scroll of amnesia for 52 gold pieces
 11238 | Orc:2    | Bought a scroll of fear for 52 gold pieces
 11238 | Orc:2    | Bought a scroll of identify for 30 gold pieces
 11424 | Orc:1    | Noticed a stone giant
 11435 | Orc:1    | Killed a stone giant
 11621 | Lair:1   | Entered Level 1 of the Lair of Beasts
 11649 | Lair:1   | Reached XP level 13. HP: 132/132 MP: 12/12
 12888 | Lair:2   | Reached skill level 10 in Dodging
 12980 | Lair:2   | Reached skill level 10 in Fighting
 13170 | Lair:2   | Noticed Urug
 13183 | Lair:2   | Killed Urug
 13731 | Lair:3   | Reached skill level 12 in Unarmed Combat
 13737 | Lair:3   | Found a staircase to the Shoals.
 13865 | Lair:3   | Reached skill level 10 in Armour
 13994 | Lair:3   | You fall into a shaft and drop 2 floors!
 14558 | Lair:5   | Found a viscous altar of Jiyva.
 14559 | Lair:5   | Found a runed translucent door.
 14559 | Lair:5   | Noticed an azure jelly
 14560 | Lair:5   | Found a staircase to the Slime Pits.
 14787 | Lair:6   | Entered Level 6 of the Lair of Beasts
 14975 | Lair:4   | Noticed Sonja
 14982 | Lair:4   | Killed Sonja
 15001 | Lair:4   | Received a gift from Trog
 15323 | Lair:4   | Found a hole to the Spider Nest.
 15651 | Lair:4   | Reached XP level 14. HP: 25/144 MP: 1/13
 16343 | Lair:6   | Paralysed by a hornet for 2 turns
 16592 | Lair:6   | Identified a scroll of acquirement
 16746 | Lair:6   | Received a gift from Trog
 17085 | Lair:6   | Paralysed by a hornet for 1 turns
 17407 | Lair:6   | Reached skill level 13 in Unarmed Combat
 17849 | Lair:6   | HP: 7/146 [poison (poison gas)]
 17854 | Lair:6   | HP: 6/146 [poison (poison gas)]
 18460 | Orc:2    | Bought shiny ice dragon scales for 1953 gold pieces
 18652 | D:12     | Received a gift from Trog
 19651 | D:13     | Reached XP level 15. HP: 114/154 MP: 10/14
 19881 | D:13     | Found a gate to the Vaults.
 19931 | D:13     | Reached skill level 1 in Shields
 20880 | D:15     | Entered Level 15 of the Dungeon
 21028 | D:15     | Found a frozen archway.
 21057 | IceCv    | Entered an ice cave
 21583 | D:15     | Found a sacrificial altar of Ru.
 21916 | D:15     | Cast into level 3 of the Abyss (a wizard)
 22028 | Abyss:3  | Noticed a tentacled starspawn
 22030 | Abyss:3  | Received a gift from Trog
 22043 | Abyss:3  | Killed a tentacled starspawn
 22043 | Abyss:3  | Reached skill level 14 in Unarmed Combat
 22203 | Abyss:3  | Paralysed by a great orb of eyes for 2 turns
 22218 | Abyss:3  | Noticed a tentacled starspawn
 22224 | Abyss:3  | Killed a tentacled starspawn
 22226 | D:15     | Escaped the Abyss
 22280 | D:15     | Found a staircase to the Depths.
 22552 | Elf:1    | Entered Level 1 of the Elven Halls
 22986 | Elf:1    | Reached XP level 16. HP: 166/166 MP: 13/15
 23123 | Elf:1    | Noticed Agnes
 23211 | Elf:1    | Received a gift from Trog
 23642 | Elf:1    | Cast into level 3 of the Abyss (Agnes)
 23737 | Abyss:3  | Reached skill level 5 in Shields
 23744 | Abyss:3  | Noticed a bone dragon
 23762 | Abyss:3  | Killed a bone dragon
 23769 | Abyss:3  | Got an abyssal rune of Zot
 23939 | Abyss:3  | Lost intelligence.
 23959 | Elf:1    | Escaped the Abyss
 23968 | Elf:1    | Killed Agnes
 24239 | Elf:1    | Found a sparkling altar of Nemelex Xobeh.
 24665 | Elf:2    | Cast into level 3 of the Abyss (+0 long sword of
                  | distortion)
 24666 | Abyss:3  | Noticed a kraken
 24683 | Abyss:3  | Killed a kraken
 24683 | Abyss:3  | Reached skill level 15 in Unarmed Combat
 24685 | Elf:2    | Escaped the Abyss
 24831 | Elf:2    | Found Cosko's Book Shop.
 25100 | Elf:2    | Found a runed translucent gate.
 25100 | Elf:2    | Found a runed translucent gate.
 25101 | Elf:2    | Found a runed translucent gate.
 25172 | Elf:2    | Reached XP level 17. HP: 176/176 MP: 16/16
 25247 | Elf:2    | Noticed a deep elf blademaster
 25257 | Elf:2    | Killed a deep elf blademaster
 25557 | Elf:3    | Entered Level 3 of the Elven Halls
 25836 | Elf:3    | Found a shimmering blue altar of Sif Muna.
 25977 | Elf:3    | Noticed a deep elf blademaster
 26001 | Elf:3    | Noticed a deep elf master archer
 26001 | Elf:3    | Noticed a deep elf master archer
 26014 | Elf:3    | Noticed a deep elf master archer
 26016 | Elf:3    | Gained mutation: You are occasionally teleported next to
                  | monsters. [potion of mutation]
 26016 | Elf:3    | Gained mutation: Your spells are a little easier to cast,
                  | but a little less powerful. [potion of mutation]
 26016 | Elf:3    | Lost mutation: Your spells are a little easier to cast, but
                  | a little less powerful. [potion of mutation]
 26016 | Elf:3    | Gained mutation: You have large cloven feet. [potion of
                  | mutation]
 26335 | Elf:3    | Killed a deep elf master archer
 26339 | Elf:3    | Killed a ghostly deep elf master archer
 26507 | Elf:3    | Noticed a deep elf blademaster
 26539 | Elf:3    | Identified the +9 spear "Hicsyoh" {pierce, Str+4 Dex+3}
 26545 | Elf:3    | Killed a deep elf blademaster
 26754 | Elf:3    | Noticed a Brimstone Fiend
 26766 | Elf:3    | Killed a deep elf master archer
 26843 | Elf:2    | Killed a deep elf blademaster
 27116 | Elf:3    | Identified the +8 mace of Uttasuf {vamp, rPois rC+ Dex+4}
 27196 | Elf:3    | Reached skill level 1 in Stealth
 27257 | Elf:3    | Identified The Second Course in Spellweaving
 27334 | Elf:3    | Killed a deep elf master archer
 27334 | Elf:3    | Reached XP level 18. HP: 141/187 MP: 13/17
 27602 | Spider:1 | Entered Level 1 of the Spider Nest
 28185 | Temple   | Fell from the grace of Trog
 28185 | Temple   | Became a worshipper of Cheibriados the Contemplative
 28362 | Elf:2    | Bought a book of Minor Magic for 300 gold pieces
 28365 | Elf:2    | Learned a level 2 spell: Blink
 28371 | Elf:2    | Learned a level 5 spell: Blade Hands
 28588 | Spider:1 | Reached skill level 1 in Invocations
 28773 | Spider:1 | Reached * piety under Cheibriados
 29543 | Spider:2 | Reached ** piety under Cheibriados
 29618 | Spider:2 | Reached skill level 5 in Invocations
 29701 | Spider:2 | Reached *** piety under Cheibriados
 29958 | Spider:2 | Reached **** piety under Cheibriados
 30263 | Spider:2 | Paralysed by Trog for 5 turns
 30914 | Spider:3 | Found a large runed translucent door.
 30914 | Spider:3 | Found a large runed translucent door.
 30916 | Spider:3 | Noticed Cuth's ghost (journeyman DDFi)
 30952 | Spider:3 | Killed Cuth's ghost
 31729 | Spider:3 | Reached ***** piety under Cheibriados
 32533 | Spider:4 | Entered Level 4 of the Spider Nest
 32596 | Spider:4 | Noticed Bai Suzhen
 32620 | Spider:4 | Noticed Asterion
 32638 | Spider:4 | Killed Bai Suzhen
 32650 | Spider:4 | Killed Asterion
 32663 | Spider:4 | Reached skill level 10 in Invocations
 32907 | Spider:4 | Noticed Mara
 32913 | Spider:4 | Lost mutation: You are occasionally teleported next to
                  | monsters. [potion of mutation]
 32913 | Spider:4 | Lost mutation: You have large cloven feet. [potion of
                  | mutation]
 32913 | Spider:4 | Gained mutation: Potions are less effective at restoring
                  | your health. [potion of mutation]
 32913 | Spider:4 | Gained mutation: Your body sometimes deteriorates upon
                  | taking damage. [potion of mutation]
 32913 | Spider:4 | Gained mutation: You have supernaturally acute eyesight.
                  | (SInv) [potion of mutation]
 32919 | Spider:4 | Noticed Johnny's illusion
 32922 | Spider:4 | Lost mutation: Potions are less effective at restoring your
                  | health. [potion of mutation]
 32922 | Spider:4 | Lost mutation: Your body sometimes deteriorates upon taking
                  | damage. [potion of mutation]
 32922 | Spider:4 | Lost mutation: You have supernaturally acute eyesight.
                  | (SInv) [potion of mutation]
 32922 | Spider:4 | Gained mutation: You evolve. [potion of mutation]
 32922 | Spider:4 | Gained mutation: You are partially covered in thin metallic
                  | scales. (AC +2) [potion of mutation]
 32922 | Spider:4 | Gained mutation: You have sharp toenails. [potion of
                  | mutation]
 32953 | Spider:4 | Noticed Johnny's illusion
 33003 | Spider:4 | Killed Mara
 33003 | Spider:4 | Reached XP level 19. HP: 139/195 MP: 3/26
 33564 | Spider:4 | Got a gossamer rune of Zot
 33986 | Shoals:1 | Entered Level 1 of the Shoals
 34379 | Shoals:1 | Reached skill level 1 in Transmutations
 34408 | Shoals:1 | Reached skill level 5 in Stealth
 34409 | Shoals:1 | Reached skill level 1 in Spellcasting
 34714 | Shoals:2 | Noticed Aizul
 34728 | Shoals:2 | Killed Aizul
 36125 | Shoals:3 | Noticed Louise
 36162 | Shoals:3 | Killed Louise
 36535 | Shoals:3 | Reached skill level 1 in Translocations
 36901 | Shoals:4 | Entered Level 4 of the Shoals
 36991 | Shoals:4 | Reached XP level 20. HP: 192/204 MP: 25/28
 37144 | Shoals:4 | Found the ring of Phasing {EV+8}
 37301 | Shoals:4 | Found the +5 robe of Misfortune {*Contam Harm *Corrode
                  | *Drain *Slow EV+5}
 37934 | Shoals:4 | Got a barnacled rune of Zot
 38378 | Vaults:1 | Entered Level 1 of the Vaults
 38500 | Vaults:1 | Reached skill level 5 in Translocations
 39086 | Vaults:1 | Reached skill level 5 in Spellcasting
 39125 | Vaults:1 | Was forgiven by Trog
 39974 | Vaults:2 | Found a staircase to the Crypt.
 39981 | Vaults:2 | Reached skill level 5 in Transmutations
 40063 | Vaults:2 | Gained mutation: You tend to lose your temper in combat.
                  | [evolution]
 40169 | Vaults:2 | Paralysed by an ogre mage for 5 turns
 40454 | Vaults:2 | Identified Sif Muna's Grimoire of the Blaze and Dislocation
 40634 | Vaults:3 | Reached XP level 21. HP: 211/211 MP: 29/29
 40673 | Vaults:3 | Found a magical portal.
 40812 | WizLab   | Gained mutation: Your spells are a little easier to cast,
                  | but a little less powerful. [a cacodemon]
 40829 | WizLab   | Reached ****** piety under Cheibriados
 40835 | WizLab   | Gained mutation: Your body sometimes deteriorates upon
                  | taking damage. [a neqoxec]
 40869 | WizLab   | Gained mutation: [Scrolls take you a little longer to
                  | read.] [a neqoxec]
 40894 | WizLab   | Noticed Oddof
 40902 | WizLab   | Killed Oddof the Hellbinder
 40912 | WizLab   | Got translucent shadow dragon scales
 40916 | WizLab   | Identified the +11 shadow dragon scales of Existentialism
                  | {*Drain Str+4 Slay+3 Stlth++++} (You acquired it in a
                  | wizard's laboratory)
 40933 | WizLab   | Found a burning altar of Makhleb.
 40957 | WizLab   | Got a coiled lapis lazuli ring
 40960 | WizLab   | Got a fine shield
 40964 | WizLab   | Identified the +6 shield "Yjailog" {+Blink Str+2} (You
                  | found it in a wizard's laboratory)
 40965 | WizLab   | Identified the ring of Uziomas {rPois Str+2 Stlth+} (You
                  | found it in a wizard's laboratory)
 40994 | WizLab   | Identified the Tome of the Escort
 41001 | WizLab   | Got a faintly glowing emerald amulet
 41061 | WizLab   | Lost mutation: Your spells are a little easier to cast, but
                  | a little less powerful. [a neqoxec]
 41324 | Vaults:3 | Found Kital's Weapon Shoppe.
 41549 | Vaults:3 | Identified the amulet "Fiepam" {RegenMP rPois rN+ Dex+3}
                  | (You found it in a wizard's laboratory)
 42118 | Vaults:4 | Found Gaon's Weapon Shoppe.
 42257 | Vaults:4 | Identified the Catalogue of the Helpful Birds
 42480 | Vaults:4 | Found Gemen's Book Emporium.
 42831 | Vaults:4 | Found Foub Vemn's Assorted Antiques.
 42837 | Vaults:4 | Bought a scroll of teleportation for 90 gold pieces
 42870 | Vaults:4 | Found Leosot's Food Shop.
 42883 | Vaults:4 | Bought a ration for 50 gold pieces
 42883 | Vaults:4 | Bought a ration for 50 gold pieces
 42883 | Vaults:4 | Bought a ration for 50 gold pieces
 42883 | Vaults:4 | Bought a ration for 50 gold pieces
 42883 | Vaults:4 | Bought a ration for 50 gold pieces
 42883 | Vaults:4 | Bought a ration for 50 gold pieces
 42883 | Vaults:4 | Bought a ration for 50 gold pieces
 42883 | Vaults:4 | Bought a ration for 50 gold pieces
 42883 | Vaults:4 | Bought a ration for 50 gold pieces
 42883 | Vaults:4 | Bought a ration for 50 gold pieces
 42883 | Vaults:4 | Bought a ration for 50 gold pieces
 42883 | Vaults:4 | Bought a ration for 50 gold pieces
 42883 | Vaults:4 | Bought a ration for 50 gold pieces
 42883 | Vaults:4 | Bought a ration for 50 gold pieces
 42905 | Vaults:4 | Noticed Sojobo
 42911 | Vaults:4 | Reached skill level 10 in Translocations
 42922 | Vaults:4 | Killed Sojobo
 43000 | Vaults:4 | Found Tohe's Book Emporium.
 43007 | Vaults:4 | Bought a manual of Shields for 1876 gold pieces
 43031 | Vaults:4 | Reached XP level 22. HP: 192/221 MP: 21/31
 43276 | Vaults:5 | Entered Level 5 of the Vaults
 43396 | Vaults:5 | Noticed a golden dragon
 43408 | Vaults:5 | Identified the cursed +2 long sword of Asoir {flame, +Fly
                  | rC- rN++ MP+9}
 43427 | Vaults:5 | Lost mutation: [Scrolls take you a little longer to read.]
                  | [potion of mutation]
 43427 | Vaults:5 | Lost mutation: You tend to lose your temper in combat.
                  | [potion of mutation]
 43427 | Vaults:5 | Lost mutation: You have sharp toenails. [potion of
                  | mutation]
 43427 | Vaults:5 | Gained mutation: Your skin changes colour to match your
                  | surroundings (Stealth+). [potion of mutation]
 43427 | Vaults:5 | Gained mutation: You have large cloven feet. [potion of
                  | mutation]
 43427 | Vaults:5 | Lost mutation: You evolve. [potion of mutation]
 43427 | Vaults:5 | Gained mutation: You expend magic power (3 MP) to
                  | strengthen your wands. [potion of mutation]
 43488 | Vaults:5 | Killed a golden dragon
 43587 | Vaults:5 | Reached skill level 10 in Shields
 44330 | Vaults:5 | Reached XP level 23. HP: 152/228 MP: 28/33
 44347 | Vaults:5 | Identified the amulet of Xom's Whimsicality {Gourm +Inv
                  | Int-4 SInv}
 44551 | Vaults:5 | Identified the +9 short sword of the Equator {flame, Int+3}
 45142 | Vaults:5 | Identified the Catalogue of Panentheism
 45487 | Vaults:5 | Got a silver rune of Zot
 45685 | Vaults:5 | Learned a level 2 spell: Song of Slaying
 45689 | Vaults:5 | Learned a level 3 spell: Regeneration
 45692 | Vaults:5 | Learned a level 2 spell: Shroud of Golubria
 45972 | Depths:1 | Entered Level 1 of the Depths
 46018 | Depths:1 | Found a one-way gate to the infinite horrors of the Abyss.
 46198 | Depths:1 | Found the +7 great mace "Undeadhunter" {disrupt, rN+}
 46339 | Depths:1 | Found a gateway to Hell.
 46429 | Depths:1 | Found a runed translucent door.
 46430 | Depths:1 | Noticed Ydikaet's ghost (veteran TrMo)
 46651 | Depths:1 | Killed Ydikaet's ghost
 47734 | Depths:2 | Reached XP level 24. HP: 133/237 MP: 22/34
 47864 | Depths:2 | Noticed an ancient lich
 47868 | Depths:2 | Killed an ancient lich
 47874 | Depths:2 | Identified the Collected Works on Excruciating Clay
 47878 | Depths:2 | Got a smoking steel ring
 48045 | Depths:3 | Found a one-way gate leading to the halls of Pandemonium.
 48250 | Depths:3 | Reached skill level 10 in Transmutations
 48285 | Depths:3 | Noticed Mennas
 48303 | Depths:3 | Killed Mennas
 48403 | Depths:3 | Found Daonwam's Antique Weapon Shop.
 49400 | Depths:4 | Found a sacrificial altar of Ru.
 49400 | Depths:4 | Found a glowing silver altar of Zin.
 49401 | Depths:4 | Found an opulent altar of Gozag.
 49402 | Depths:4 | Identified the ring of Wits {rF+ rN+ Int+4} (You found it
                  | on level 2 of the Depths)
 49680 | Depths:4 | Reached skill level 1 in Charms
 49860 | Depths:4 | Noticed a juggernaut
 49870 | Depths:4 | Killed a juggernaut
 50310 | Depths:4 | Reached XP level 25. HP: 149/245 MP: 34/35
 50548 | Depths:4 | Identified the Grimoire of Quantum Feathers
 50857 | Depths:5 | Entered Level 5 of the Depths
 51303 | Depths:5 | Found a gate to the Realm of Zot.
 51675 | Depths:5 | Reached skill level 10 in Spellcasting
 51839 | Depths:5 | Found a gateway to a ziggurat.
 52074 | Depths:5 | Reached skill level 15 in Translocations
 52161 | Depths:5 | Found a portal to a secret trove of treasure.
 52565 | Depths:4 | Voluntarily entered the Abyss.
 52620 | Abyss:1  | Got a translucent wooden ring
 52622 | Abyss:1  | Identified the ring of Moodiness {rC+ Dex+2} (You found it
                  | on level 1 of the Abyss)
 52916 | Abyss:1  | Found a corrupted altar of Lugonu.
 53109 | Abyss:3  | Found a corrupted altar of Lugonu.
 53169 | Abyss:3  | Found a corrupted altar of Lugonu.
 53240 | Abyss:4  | Found a corrupted altar of Lugonu.
 53582 | Abyss:4  | Found a shimmering altar of Xom.
 53628 | Abyss:4  | Gained mutation: You are weak. (Str -2) [a neqoxec]
 53629 | Abyss:4  | Gained mutation: Your magical capacity is low. (-10% MP) [a
                  | neqoxec]
 53633 | Abyss:4  | Gained mutation: You are frail. (-10% HP) [a neqoxec]
 53708 | Abyss:4  | Reached XP level 26. HP: 190/230 MP: 9/32
 53775 | Abyss:4  | Reached skill level 5 in Charms
 53796 | Abyss:4  | Gained mutation: Your spells are a little easier to cast,
                  | but a little less powerful. [a neqoxec]
 53803 | Abyss:4  | Reached skill level 16 in Unarmed Combat
 54145 | Depths:4 | Escaped the Abyss
 54223 | Zig:1    | Entered Level 1 of a ziggurat
 54275 | Zig:2    | Entered Level 2 of a ziggurat
 54294 | Zig:2    | Reached XP level 27. HP: 203/236 MP: 32/32
 54330 | Zig:3    | Entered Level 3 of a ziggurat
 54350 | Zig:3    | Got a faintly glowing bone ring
 54353 | Zig:3    | Identified the ring "Caas" {Wiz rN+ Dex+4} (You found it on
                  | level 3 of a ziggurat)
 54357 | Zig:4    | Entered Level 4 of a ziggurat
 54389 | Zig:5    | Entered Level 5 of a ziggurat
 54505 | Zig:6    | Entered Level 6 of a ziggurat
 54676 | Zig:7    | Entered Level 7 of a ziggurat
 54738 | Zig:7    | Got a sparkling jade amulet
 54741 | Zig:7    | Got a coiled bronze ring
 54743 | Zig:7    | Got a vibrating steel ring
 54745 | Zig:7    | Identified the amulet "Picilefoem" {Gourm +Fly rC+ Slay-4
                  | SInv} (You found it on level 7 of a ziggurat)
 54746 | Zig:7    | Identified the ring "Zoluig" {Wiz rF- Int+3} (You found it
                  | on level 7 of a ziggurat)
 54747 | Zig:7    | Identified the ring "Yrooxtik" {+Inv rC+ MP+9 Dex-4 SInv}
                  | (You found it on level 7 of a ziggurat)
 54759 | Zig:8    | Entered Level 8 of a ziggurat
 54774 | Zig:8    | Reached skill level 10 in Stealth
 54922 | Zig:9    | Entered Level 9 of a ziggurat
 54937 | Zig:9    | Reached skill level 17 in Unarmed Combat
 55000 | Zig:9    | Got a transparent tin ring
 55004 | Zig:9    | Identified the ring of Seqizxyela {rPois Dex+2 Stlth-} (You
                  | found it on level 9 of a ziggurat)
 55040 | Zig:10   | Entered Level 10 of a ziggurat
 55203 | Zig:11   | Entered Level 11 of a ziggurat
 55215 | Zig:11   | Noticed a greater mummy
 55216 | Zig:11   | Noticed a greater mummy
 55217 | Zig:11   | Found the amulet of Vitality {Regen+ HP+15}
 55218 | Zig:11   | Noticed a greater mummy
 55222 | Zig:11   | Reached skill level 18 in Unarmed Combat
 55229 | Zig:11   | Killed a greater mummy
 55236 | Zig:11   | Killed a greater mummy
 55240 | Zig:11   | HP: 1/238 [soul eater/drain life[a greater mummy] (15)]
 55243 | Zig:11   | Killed a greater mummy
 55256 | Zig:11   | Got a scintillating lapis lazuli ring
 55273 | Zig:11   | Identified the ring of Donn {rElec rF+} (You found it on
                  | level 11 of a ziggurat)
 55474 | Zig:12   | Entered Level 12 of a ziggurat
 55505 | Zig:12   | Noticed a juggernaut
 55511 | Zig:12   | Reached skill level 19 in Unarmed Combat
 55516 | Zig:12   | Paralysed by a sphinx for 4 turns
 55519 | Zig:12   | Slain by a monstrous corrupter

Levels and vault maps discovered:
D:1:      dpeg_arrival_signposts, layout_loops_corners
D:2:      layout_basic, brannock_xom_greatest_gift, first_ration, uniq_robin
D:3:      layout_basic, bh_walls_and_bars, uniq_sigmund
D:4:      layout_cave_pools, lightli_temple_of_fire, guppyfry_shop_venom
D:5:      layout_basic
D:6:      layout_cave_pools, minmay_temple_entry_ruins, serial_shops, shop,
          uniq_blork_the_orc, uniq_menkaure
D:7:      layout_loops_ring, good_gods_mini_temple
D:8:      layout_basic, gammafunk_temple_overflow_pools,
          hangedman_little_slice_of_home
D:9:      layout_cross, lemuel_mausoleum_altar_yredelemnul, orc_0_dummy,
          enter_bailey_2, nrook_guardian_serpent_ordinary, uniq_joseph
D:10:     layout_rooms, grunt_gozag_breadcrumbs, uniq_fannar
D:11:     layout_irregular_city, lair_entry_dummy, gauntlet_entry_generic
D:12:     layout_long_grid, special_room [special_room_orc]
D:13:     layout_loops_ring, lightli_vaults_fourway_checkpoint,
          minmay_lindwurm_lava
D:14:     layout_loops_ring, minmay_starry_boxes
D:15:     grunt_enter_depths_magical_seal, layout_loops_ring,
          portal_ice_cave_entry_imps, nicolae_ru_path_of_blood
Temple:   minmay_temple_curvy_branch
Lair:1:   layout_cave_pods, grunt_megastairs_3
Lair:2:   layout_cave_pods, uniq_urug
Lair:3:   layout_big_grid, elwin_shoals_entry_stream, st_stairs_6,
          chequers_serial_rivers_room_a, grunt_forest_stairs_clearing
Lair:4:   layout_regular_city, nicolae_spider_entry_tight_spaces,
          infiniplex_staircase_pool_2, serial_bayou_shore_a, uniq_sonja
Lair:5:   layout_loops_ring, slime_altar_2, serial_bayou, serial_bayou_ford_a,
          serial_bayou_pond_b, serial_bayou_pond_a, serial_bayou_shore_b,
          chequers_serial_rivers_small_a, minivault_19
Lair:6:   guppyfry_lair_end_dragon, layout_cave_shapes,
          hangedman_lair_tendril_chambers, minmay_lair_oklob_items
Shoals:1: cheibrodos_shoals_three_sisters, layout_shoals
Shoals:2: layout_shoals, nicolae_shoals_undead_eyrie, uniq_aizul
Shoals:3: layout_shoals, uniq_louise
Shoals:4: shoals_end_simple, layout_shoals, yaktaur_hedge
Spider:1: layout_spider_delve
Spider:2: layout_chambers, special_room [special_room_bee], uniq_arachne
Spider:3: layout_chambers, ebering_ghost_disaster_area,
          nicolae_spider_ant_collections
Spider:4: spider_rune_water, spiders_nest_the_unseen, uniq_asterion,
          uniq_bai_suzhen, uniq_mara
Orc:1:    layout_diamond_mine, ebering_ghost_reflecting_pool
Orc:2:    st_orc_rangers, layout_caves, uniq_azrael, uniq_maurice
Elf:1:    eino_elf_arrival_sip, layout_geoelf_octagon,
          hangedman_elven_crosses_minicolossus, drop_trap, nemelex_altar_shiori,
          uniq_agnes
Elf:2:    layout_geoelf_grid, serial_shops, shop
Elf:3:    minmay_elf_hall_furrowed, layout_rooms, basic_altar
Vaults:1: v_misc_18, vaults_room_corners, v_misc_26,
          nicolae_vaults_network_periphery, st_smaller_cells, v_misc_13,
          v_misc_11, vaults_room_octagon, serial_ice_b, grunt_vaults_focal,
          vaults_mumra_hex, nicolae_vaults_ring_of_whatevers,
          vaults_room_semicircle, nicolae_vaults_little_squares_3,
          nicolae_vaults_shelves_hall, layout_vaults_maze_snakey
Vaults:2: st_more_cells, minmay_crypt_entry_simple_round, hangedman_vaults_trim,
          nicolae_vaults_little_squares_6, ontoclasm_vaults_idyll,
          layout_vaults_omnigrid
Vaults:3: hangedman_vaults_corner, v_misc_12, nicolae_vaults_asterisk,
          nicolae_vaults_big_angled_halls, vaults_room_guarded_vault,
          vaults_room_pool, v_rooms_1, layout_vaults_big_room,
          infiniplex_enter_wizlab_glasses, serial_shops, shop
Vaults:4: hangedman_vaults_river_flow, vaults_room_fours,
          ontoclasm_vaults_twist, hangedman_vaults_stitches, st_eye,
          grunt_vaults_hallway_long, vaults_room_corners,
          vaults_room_stairs_pillars, grunt_vaults_bifocal,
          vaults_dpeg_diagonal, vaults_room_hallway,
          ontoclasm_vaults_decontamination, serial_ice_h,
          layout_vaults_big_cross, serial_shops, shop_fountains, shop, shop,
          shop_fountains, shop, uniq_sojobo
Vaults:5
Depths:1: layout_roguey, hell_entry, ebering_ghost_inner_flame, abyss_entry,
          minmay_parallelograms, st_stairs_6, nicolae_two_hexagons,
          serial_sigils_hangedman_scratch, hangedman_decor_peaks_small,
          grunt_ministairs_2, kennysheep_generic_room_10, serial_bayou_shore_b
Depths:2: constructs_gauntlet_mu_hangedman, layout_basic,
          nicolae_abyss_entry_one_way_or_another, infiniplex_staircase_river,
          hell_entry
Depths:3: dpeg_oklob_gauntlet, layout_cave_shapes, minmay_misc_feat_alley,
          pan_entry, serial_shops, shop, grunt_hell_entry_demonic_statue,
          infiniplex_staircase_pool_lava, uniq_mennas
Depths:4: hangedman_slaughterboxes, abyss_entry, pan_entry, hell_entry
Depths:5: grunt_crosshair, layout_honeycomb, enter_ziggurat_e,
          trove_entry_hex_spiral, chequers_serial_rivers_micro_a, hell_entry,
          marbit_kobold_abyss_entry
Zig:12:   ziggurat_pillar_centre_c, ziggurat_pillar_centre_c,
          ziggurat_pillar_centre_c, ziggurat_pillar_centre_c

Skill      XL: |  1  2  3  4  5  6  7  8  9 10 11 12 13 14 15 16 17 18 19 20 21 22 23 24 25 26 27 |
---------------+----------------------------------------------------------------------------------+-----
Armour         | 1 2 3 4 5 7 8 9 10 11 12 13 | 13.7
Dodging        | 3 4 5 6 7 8 9 10 11 12 13 14 | 14.0
Fighting       | 3 4 5 6 7 8 9 10 11 12 13 14 | 14.0
Unarmed Combat | 4 5 6 7 9 10 11 12 13 14 15 16 19 | 19.3
Shields        | 4 6 7 8 10 12 13 14 | 14.2
Stealth        | 2 4 7 8 9 10 | 10.6
Invocations    | 10 12 | 12.3
Transmutations | 4 5 7 8 9 10 11 | 11.8
Spellcasting   | 3 5 6 7 8 9 10 | 10.5
Translocations | 1 7 10 11 13 14 15 | 15.8
Charms         | 2 4 5 |  5.4

Action                   |  1- 3 |  4- 6 |  7- 9 | 10-12 | 13-15 | 16-18 | 19-21 | 22-24 | 25-27 || total
-------------------------+-------+-------+-------+-------+-------+-------+-------+-------+-------++-------
Melee: Unarmed           |    80 |   217 |   339 |   779 |  1258 |  1487 |  1722 |   981 |   771 ||  7634
       Punch             |       |     4 |     9 |    45 |   106 |    43 |       |    41 |    37 ||   285
       Kick              |       |       |       |       |       |   343 |   903 |   479 |   363 ||  2088
Throw: Large rock        |       |       |     8 |     2 |     7 |     3 |       |    22 |     2 ||    44
 Cast: Blade Hands       |       |       |       |       |       |       |       |    44 |    33 ||    77
       Shroud of Golubri |       |       |       |       |       |       |       |    31 |    22 ||    53
       Song of Slaying   |       |       |       |       |       |       |       |    10 |     3 ||    13
       Regeneration      |       |       |       |       |       |       |       |       |     8 ||     8
       Blink             |       |       |       |       |       |       |       |       |     1 ||     1
Invok: Berserk           |       |     2 |     7 |    16 |    13 |     9 |       |       |       ||    47
       Trog's Hand       |       |     1 |     1 |    13 |    10 |    12 |       |       |       ||    37
       Brothers in Arms  |       |       |       |    10 |    16 |    18 |       |       |       ||    44
       Slouch            |       |       |       |       |       |     3 |    31 |    22 |    21 ||    77
       Temporal Distorti |       |       |       |       |       |       |       |     1 |       ||     1
Evoke: Wand              |       |       |       |    42 |    50 |    46 |    12 |     2 |     1 ||   153
       Lamp of fire      |       |       |       |       |     1 |     4 |     1 |     1 |       ||     7
       Box of beasts     |       |       |       |       |       |     4 |       |       |       ||     4
       Lightning rod     |       |       |       |       |       |     4 |     3 |     4 |       ||    11
       Phial of floods   |       |       |       |       |       |     1 |     1 |       |       ||     2
  Use: Scroll            |       |       |     2 |    17 |    20 |    19 |    19 |    16 |    20 ||   113
       Potion            |       |       |     1 |       |     1 |    11 |     5 |    23 |    13 ||    54
 Stab: Sleeping          |       |     2 |     1 |       |       |       |     8 |    21 |     6 ||    38
       Paralysed         |       |       |       |     2 |     4 |     5 |       |       |       ||    11
       Invisible         |       |       |       |       |       |     2 |       |     9 |     1 ||    12
       Distracted        |       |       |       |       |       |     1 |       |     3 |     7 ||    11
       Confused          |       |       |       |       |       |       |     1 |     1 |       ||     2
       Held in net/web   |       |       |       |       |       |       |     1 |       |       ||     1
       Petrified         |       |       |       |       |       |       |       |       |     6 ||     6
  Eat: Chunk             |    12 |    22 |    33 |    76 |   122 |    91 |    70 |    61 |    23 ||   510
       Ration            |       |       |     1 |       |     2 |     3 |       |     1 |     7 ||    14
Armor: Animal skin       |    50 |   120 |   144 |   218 |       |       |       |       |       ||   532
       Robe              |       |       |       |    74 |   220 |       |       |       |       ||   294
       Ice dragon scales |       |       |       |       |   328 |       |       |       |       ||   328
       Gold dragon scale |       |       |       |       |    50 |  1109 |   912 |       |       ||  2071
       Skin              |       |       |       |       |       |     6 |       |       |       ||     6
       Shadow dragon sca |       |       |       |       |       |       |    59 |   433 |   379 ||   871
Dodge: Dodged            |    53 |   141 |   207 |   485 |   816 |   570 |  1331 |  1104 |  1024 ||  5731
       Deflected         |       |       |       |       |    30 |    46 |    71 |       |       ||   147
Block: Shield            |       |       |       |       |       |   616 |  1803 |   585 |   418 ||  3422
